 Dungeon Crawl Stone Soup version 0.27-a0-1245-g940ed4fa31 (webtiles) character file.

Game seed: 11926298398747428420

113 solopath the Insei (level 4, -2/34 HPs)
             Began as a Demigod Transmuter on June 9, 2021.
             Slain by an orc
             ... wielding a +2 war axe of flaming
              (9 damage)
             ... on level 3 of the Dungeon on June 13, 2021.
             The game lasted 00:04:45 (3120 turns).

solopath the Insei (Demigod Transmuter)             Turns: 3120, Time: 00:04:46

Health: -2/34      AC:  2    Str: 11    XL:     4   Next: 39%
Magic:  0/10       EV: 12    Int: 19    God:
Gold:   50         SH:  0    Dex: 14    Spells: 2/7 levels left

rFire    . . .     SeeInvis .     - Unarmed
rCold    . . .     Faith    .   (no shield)
rNeg     . . .     Spirit   +   a - +0 robe
rPois    .         Reflect  .   (helmet currently unavailable)
rElec    .         Harm     .   (no cloak)
rCorr    +         Rampage  .   (no gloves)
Will     .....                  (boots currently unavailable)
Stlth    ++........             e - amulet of guardian spirit
HPRegen  0.11/turn              j - ring of resist corrosion
MPRegen  0.12/turn              (no ring)

@: appendages, very slightly contaminated
A: horns 2, talons 2, high mp 1, forlorn
a: End Transformation


You were on level 3 of the Dungeon.
You had temporarily grown beastly horns and talons.
You visited 1 branch of the dungeon, and saw 3 of its levels.

You collected 50 gold pieces.

Inventory:

Armour
 a - a +0 robe (worn)
Jewellery
 e - an amulet of guardian spirit (around neck)
 i - a ring of fire
 j - a ring of resist corrosion (left hand)
Scrolls
 b - a scroll of noise {unknown}
 f - a scroll of magic mapping {unknown}
 h - a scroll of teleportation {unknown}
Potions
 c - 4 potions of curing {unknown}
 d - a potion of brilliance {unknown}
 g - 2 potions of heal wounds {unknown}


   Skills:
 - Level 0.8 Fighting
 - Level 1.7 Dodging
 + Level 1.7 Stealth
 + Level 3.2 Unarmed Combat
 + Level 2.4 Spellcasting
 * Level 3.1 Transmutations


You had 2 spell levels left.
You knew the following spells:

 Your Spells              Type           Power      Damage    Failure   Level
a - Beastly Appendage     Tmut           28%        N/A       4%          1
b - Wereblood             Tmut           14%        N/A       7%          2
c - Passwall              Tmut/Erth      6%         N/A       13%         2

Your spell library contained the following spells:

 Spells                   Type           Power      Damage    Failure   Level
 Spider Form              Tmut/Pois      4%         N/A       26%         3
 Swiftness                Air            2%         N/A       43%         3
 Ice Form                 Ice/Tmut       8%         N/A       63%         4
 Passage of Golubria      Tloc           N/A        N/A       85%         4
 Lee's Rapid Deconstruct  Erth           1%         3d5*      99%         5
 Invisibility             Hex            1%         N/A       100%        6


Dungeon Overview and Level Annotations

Branches:
Dungeon (3/15)


Innate Abilities, Weirdness & Mutations

You have temporarily grown beastly horns and talons.
Your attributes grow dramatically as you level up.
You have an increased reservoir of magic. (+10% MP)
You shall have no god before yourself.


Message History

The orc is almost dead.
The orc barely misses you.
The orc hits you with a +1 hand axe of flaming.
The orc burns you.
Casting: Beastly Appendage (safe; 4% risk of failure)
Confirm with . or Enter, or press ? or * to list all spells.
You miscast Wereblood.
You are very lightly contaminated with residual magic.
Nothing appears to happen.
The orc closely misses you.
You hit the orc but do no damage.
The orc is severely wounded.
The orc barely misses you. x2
Casting: Wereblood (safe; 7% risk of failure)
Confirm with . or Enter, or press ? or * to list all spells.
You grow a pair of large bovine horns.
Your feet morph into talons.
The orc barely misses you. x3
You barely miss the orc. You claw the orc.
You kill the orc!
The orc hits you with a +0 dagger. The orc closely misses you.
You closely miss the orc. Your kick misses the orc. The orc misses you.
The orc barely misses you.
The orc hits you with a +1 hand axe of flaming.
The orc burns you.
You hit the orc but do no damage.
The orc hits you with a +2 war axe of flaming.
The orc burns you. The orc hits you with a +0 dagger.
The orc hits you with a +1 hand axe of flaming.
* * * LOW HITPOINT WARNING * * *
The orc burns you.
You hit the orc.
The orc is heavily wounded.
The orc barely misses you. x2
You hit the orc but do no damage.
The orc is heavily wounded.
The orc hits you with a +1 hand axe of flaming.
* * * LOW HITPOINT WARNING * * *
The orc burns you.
* * * LOW HITPOINT WARNING * * *
The orc hits you with a +2 war axe of flaming!
You die...

##############
.........)...#
#.....##o....######
......o@o........!#
####..###.....###...
## #......###
...........####
###......#....##
#.......####..###
....##...#####....
###+###...........
##..........


You could see 3 orcs.

Vanquished Creatures
  6 adders
  A worm (D:2)
  3 dart slugs
  An orc (D:3)
  6 bats
  3 endoplasms
  2 giant cockroaches (D:1)
  3 goblins
  4 hobgoblins
  2 jackals (D:1)
  6 kobolds
  A quokka (D:3)
  6 ball pythons
  2 frilled lizards (D:1)
  5 rats
51 creatures vanquished.

Notes
Turn   | Place    | Note
-------+----------+-------------------------------------------
     0 | D:1      | solopath the Demigod Transmuter began the quest for the
                  | Orb.
     0 | D:1      | Reached XP level 1. HP: 15/15 MP: 5/5
   633 | D:1      | Reached XP level 2. HP: 19/22 MP: 5/7
  1298 | D:1      | Reached skill level 1 in Stealth
  1570 | D:2      | Learned a level 2 spell: Wereblood
  1573 | D:2      | Learned a level 2 spell: Passwall
  1620 | D:2      | Reached XP level 3. HP: 19/27 MP: 5/8
  2735 | D:2      | Reached XP level 4. HP: 17/34 MP: 3/10
  3120 | D:3      | Slain by an orc

Illustrated notes

Levels and vault maps discovered:
D:1:      lemuel_arrival_funnel, layout_basic, minmay_misc_feat_iff
D:2:      layout_rooms, chequers_ecumenical_altar_grove
D:3:      layout_rooms, nicolae_hepliaklqana_monster_ancestors,
          ebering_ghost_sewer_f, hex_intersection

Skill      XL: |  1  2  3  4 |
---------------+-------------+-----
Transmutations | 2 3 |  3.1
Spellcasting   | 2 |  2.4
Stealth        | 1 |  1.7
Unarmed Combat | 3 |  3.2
Fighting       | |  0.8
Dodging        | |  1.7

Action                   |  1- 3 |  4- 6 || total
-------------------------+-------+-------++-------
Melee: Unarmed           |   164 |    36 ||   200
       Kick              |    17 |     7 ||    24
       Headbutt          |     4 |     1 ||     5
       Punch             |     1 |       ||     1
 Cast: Beastly Appendage |    12 |     3 ||    15
       Wereblood         |     5 |     3 ||     8
 Stab: Sleeping          |       |     1 ||     1
Armor: Robe              |    34 |     5 ||    39
Dodge: Dodged            |   112 |    34 ||   146

Table legend: (Time is in decaauts)
 A = Elapsed time spent in this place.
 B = Non-inter-level travel time spent in this place.
 C = Inter-level travel time spent in this place.
 D = Time resting spent in this place.
 E = Time spent auto-exploring this place.
 F = Levels seen in this place.
 G = Mean time per level.
                   A        B        C        D        E       F      G
               +--------+--------+--------+--------+--------+-----+--------+
         Total |   3108 |   3033 |     75 |    763 |   1818 |   3 | 1036.0 |
       Dungeon |   3108 |   3033 |     75 |    763 |   1818 |   3 | 1036.0 |
               +--------+--------+--------+--------+--------+-----+--------+

Top non-repeatable levels by time:
     D:1: 1561 daAuts
     D:2: 1293 daAuts
     D:3: 253 daAuts
